Map: Heavy Artillery LE

Players

qqq

  • Race: Zerg Zerg
  • League: Platinum
  • Spawn Location: 7:00

Massa

  • Race: Terran Terran
  • League: Platinum
  • Spawn Location: 7:00

Patriot - Winner!

  • Race: Protoss Protoss
  • League: Diamond
  • Spawn Location: 1:00

NickAce - Winner!

  • Race: Terran Terran
  • League: Diamond
  • Spawn Location: 3:00

VOD

Have the link to the VOD?

Description

Time

  • Played on: Jan. 14, 2021, 7:46 a.m.
  • Length: 10:15
Show
View Real Time Build Order
Export as new Build Order

qqq Zerg 

Build Orders: Hatch First 

Get SALT Encoding   

  12  0:00  Drone  
  13  0:08  Drone  
  14  0:20  Overlord  
  14  0:46  Hatchery  
  13  0:51  Drone x2  
  15  1:12  Spawning Pool  
  15  1:17  Drone  
  15  1:24  Drone  
  16  1:36  Extractor  
  15  2:01  Drone x3  
  18  2:02  Queen  
  20  2:13  Queen  
  22  2:20  Zergling x2  
  23  2:23  Zergling x2  
  23  2:27  Drone  
  25  2:30  Drone  
  25  2:36  Drone  
  26  2:45  Drone  
  26  2:46  Zergling x2  
  26  2:48  Overlord  
  28  3:13  Spine Crawler  
  27  3:20  Zergling x6  
  30  3:31  Drone x2  
  30  3:32  Drone  
  30  3:33  Zergling x2  
  34  3:35  Metabolic Boost  
  34  3:37  Lair  
  34  3:46  Zergling x2  
  34  3:47  Drone  
  36  3:54  Overlord  
  36  3:57  Overlord  
  36  4:12  Queen  
  36  4:14  Zergling x2  
  36  4:15  Zergling x4  
  36  4:16  Zergling x2  
  42  4:22  Zergling x2  
  42  4:23  Zergling x2  
  44  4:36  Zergling x6  
  44  4:37  Zergling x4  
  48  5:14  Zergling x6  
  48  5:17  Overlord x2  
  48  5:18  Overlord x2  
  44  5:37  Zergling x6  
  44  5:38  Zergling x6  
  44  5:39  Drone x2  
  48  5:56  Zergling x2  
  47  6:06  Spore Crawler, Spire  
  47  6:07  Drone x3  
  49  6:11  Drone x3, Extractor  
  50  6:23  Drone  
  51  6:26  Extractor x2  
  51  6:28  Spore Crawler  
  48  6:34  Hatchery  
  48  6:38  Drone x3  
  48  6:39  Overlord x2  
  50  6:43  Drone  
  50  6:45  Hatchery  
  50  6:51  Overlord x2  
  50  6:53  Drone  
  40  7:05  Zergling x2  
  40  7:06  Drone x2  
  40  7:07  Drone x2  
  43  7:19  Corruptor x2  
  43  7:22  Mutalisk  
  47  7:25  Drone  
  51  7:30  Drone  
  51  7:35  Mutalisk  
  51  7:36  Mutalisk  
  55  7:42  Drone  
  56  7:47  Mutalisk x2  
  56  7:50  Zergling x2  
  56  7:51  Drone  
  62  8:00  Mutalisk  
  64  8:10  Overlord  
  64  8:11  Overlord x3  
  64  8:21  Corruptor  
  64  8:25  Drone x5  
  64  8:26  Drone  
  72  8:31  Overlord  
  64  8:51  Mutalisk x2  
  64  8:53  Mutalisk  
  64  8:54  Drone x2  
  64  8:55  Drone x7  
  79  8:59  Extractor  
  79  9:01  Mutalisk  
  76  9:33  Corruptor x2  
  76  9:36  Drone, Zergling x2  
  76  9:37  Drone x8  
  76  9:38  Drone x3  
Show
View Real Time Build Order
Export as new Build Order

Massa Terran 

Build Orders:  

Get SALT Encoding   

  12  0:00  SCV  
  13  0:12  SCV  
  14  0:19  Supply Depot  
  14  0:24  SCV  
  15  0:41  SCV, Barracks  
  16  0:46  Refinery  
  16  0:53  SCV  
  17  1:05  SCV  
  18  1:17  SCV  
  19  1:29  SCV  
  19  1:31  Marine  
  21  1:41  SCV  
  22  1:55  Reaper  
  23  2:02  Refinery, Orbital Command  
  22  2:10  Supply Depot  
  22  2:20  Factory  
  22  2:27  Marine  
  21  3:11  Factory Tech Lab  
  20  3:16  Barracks  
  20  3:20  Command Center  
  20  3:23  Barracks, Engineering Bay  
  20  3:24  Marine  
  21  3:30  Siege Tank  
  24  3:42  Supply Depot  
  24  3:52  Supply Depot  
  24  4:03  Reaper  
  24  4:04  SCV  
  26  4:16  SCV  
  27  4:18  Barracks Reactor, Barracks Tech Lab  
  27  4:28  SCV, Missile Turret  
  28  4:33  Starport  
  28  4:35  Marine  
  29  4:45  SCV  
  30  4:48  Terran Infantry Weapons Level 1  
  30  4:49  Cyclone  
  33  5:12  Reaper  
  33  5:34  Marine  
  33  5:35  Marauder, Marine  
  37  5:37  Orbital Command  
  37  5:38  SCV  
  38  5:44  Marine  
  38  5:49  Medivac  
  41  5:50  SCV  
  41  5:52  Marine  
  43  6:01  Marauder, Marine  
  43  6:02  SCV, Marine, Command Center  
  43  6:03  Siege Tank  
  51  6:08  Supply Depot  
  51  6:10  Supply Depot  
  51  6:13  SCV  
  51  6:14  SCV  
  53  6:25  SCV  
  54  6:28  Missile Turret  
  54  6:30  SCV  
  54  6:32  Supply Depot  
  55  6:33  Supply Depot  
  55  6:35  Siege Tank  
  58  6:41  Marine x3  
  58  6:42  Terran Infantry Armor Level 1  
  58  6:46  Stimpack  
  61  6:54  Sensor Tower  
  61  6:58  Refinery  
  61  7:00  Refinery  
  61  7:02  SCV x2  
  63  7:16  Marine  
  63  7:17  Marine  
  63  7:19  Starport Tech Lab  
  63  7:21  Marine x2  
  67  7:23  Cyclone  
  70  7:34  Marine  
  70  7:35  Marine  
  72  7:39  Marine x2  
  60  8:17  Marauder, Marine x3  
  65  8:21  Medivac  
  65  8:25  Combat Shield  
  67  8:30  Missile Turret  
  67  8:31  Missile Turret  
  67  8:35  Marine x3, Missile Turret  
  67  8:39  Marauder  
  53  8:51  Medivac  
  53  8:53  Marine x3  
  58  9:00  Marauder  
  60  9:03  Missile Turret  
  60  9:10  Marine  
  61  9:21  Marauder  
  61  9:24  Marine x2  
  62  9:26  Cyclone  
  62  9:28  Marine  
  68  9:42  Marine  
  68  9:43  Marauder  
  65  9:46  Marine  
Show
View Real Time Build Order
Export as new Build Order

Patriot Protoss - Winner!

Build Orders:  

Get SALT Encoding   

  12  0:00  Probe (Chrono Boost)  
  13  0:09  Probe (Chrono Boost)  
  14  0:17  Pylon  
  15  0:21  Probe  
  15  0:35  Probe  
  16  0:37  Forge  
  16  0:47  Probe  
  17  0:58  Pylon  
  18  1:13  Pylon  
  17  1:18  Photon Cannon  
  17  1:19  Pylon  
  17  1:22  Pylon  
  16  1:33  Pylon  
  15  1:55  Probe  
  16  2:08  Probe  
  17  2:20  Probe  
  18  2:23  Nexus  
  18  2:32  Probe  
  18  2:35  Photon Cannon  
  19  2:39  Photon Cannon  
  19  2:44  Probe  
  19  2:56  Probe (Chrono Boost)  
  20  3:05  Gateway  
  20  3:07  Assimilator  
  20  3:08  Probe (Chrono Boost)  
  20  3:10  Assimilator  
  21  3:13  Probe (Chrono Boost)  
  22  3:22  Probe (Chrono Boost)  
  24  3:34  Probe (Chrono Boost), Assimilator  
  24  3:39  Assimilator  
  24  3:40  Probe (Chrono Boost)  
  26  3:41  Probe (Chrono Boost)  
  26  3:49  Probe  
  26  3:50  Probe  
  28  3:59  Cybernetics Core  
  28  4:01  Probe  
  29  4:02  Probe  
  29  4:07  Pylon  
  30  4:14  Probe (Chrono Boost)  
  30  4:15  Probe (Chrono Boost)  
  33  4:25  Probe (Chrono Boost)  
  33  4:26  Probe (Chrono Boost)  
  34  4:31  Probe (Chrono Boost)  
  34  4:32  Probe (Chrono Boost)  
  34  4:37  Stargate  
  36  4:39  Stargate  
  36  4:43  Stargate  
  36  4:45  Photon Cannon  
  36  4:52  Stargate  
  36  4:57  Shield Battery  
  36  4:58  Probe  
  37  5:00  Probe  
  38  5:10  Probe  
  38  5:12  Probe  
  38  5:13  Void Ray (Chrono Boost)  
  40  5:14  Pylon  
  40  5:22  Probe  
  40  5:25  Probe  
  40  5:28  Void Ray (Chrono Boost)  
  50  5:34  Probe  
  49  5:36  Void Ray (Chrono Boost)  
  40  5:45  Photon Cannon  
  40  5:49  Void Ray  
  41  6:02  Probe x2  
  43  6:17  Probe (Chrono Boost)  
  43  6:18  Probe (Chrono Boost)  
  45  6:24  Void Ray (Chrono Boost)  
  45  6:28  Probe x2 (Chrono Boost)  
  51  6:40  Pylon  
  51  6:46  Pylon  
  51  6:53  Pylon  
  51  6:58  Probe x2  
  53  7:05  Void Ray x2 (Chrono Boost)  
  61  7:11  Probe x2  
  63  7:22  Pylon  
  63  7:23  Probe  
  63  7:25  Nexus  
  64  7:33  Pylon  
  64  7:39  Void Ray (Chrono Boost)  
  64  7:40  Probe x2  
  70  7:52  Probe  
  70  7:56  Void Ray x2  
  67  8:11  Void Ray  
  59  8:25  Assimilator  
  59  8:29  Probe x2, Assimilator  
  61  8:39  Phoenix x2  
  66  8:41  Probe  
  66  8:44  Probe x2  
  68  8:53  Probe  
  68  8:54  Phoenix  
  71  8:56  Probe  
  72  9:04  Phoenix x2  
  76  9:19  Phoenix  
  78  9:31  Phoenix x2  
  82  9:43  Fleet Beacon  
  82  9:44  Probe x3, Phoenix  
  87  9:56  Probe  
Show
View Real Time Build Order
Export as new Build Order

NickAce Terran - Winner!

Build Orders: Gas First Reaper Expand 

Get SALT Encoding   

  12  0:00  SCV  
  13  0:12  SCV  
  14  0:18  Supply Depot  
  14  0:27  SCV  
  15  0:32  Refinery  
  15  0:41  Barracks  
  15  0:45  SCV  
  16  0:57  SCV  
  17  1:09  SCV  
  18  1:21  SCV  
  19  1:29  Reaper  
  20  1:38  Orbital Command  
  20  1:43  Refinery  
  20  1:50  Command Center  
  20  2:05  Barracks Reactor  
  20  2:07  SCV  
  21  2:16  Factory  
  21  2:19  SCV  
  22  2:30  Supply Depot  
  22  2:31  SCV  
  23  2:52  SCV  
  24  3:03  Orbital Command  
  24  3:06  Factory Reactor  
  24  3:12  SCV  
  25  3:16  Barracks  
  25  3:17  Barracks  
  25  3:24  SCV  
  26  3:32  SCV  
  27  3:36  SCV, Marine x2  
  30  3:44  SCV  
  30  3:45  Starport  
  31  3:50  Factory Tech Lab, Engineering Bay, SCV  
  31  3:54  Marine x2  
  31  3:55  Engineering Bay  
  34  3:56  SCV  
  34  4:02  SCV  
  36  4:08  SCV  
  37  4:13  Barracks Tech Lab  
  37  4:14  Barracks Tech Lab  
  37  4:15  Siege Tank  
  39  4:20  SCV  
  39  4:22  Terran Infantry Armor Level 1, Terran Infantry Weapons Level 1  
  40  4:25  Supply Depot  
  40  4:26  Marine x2  
  40  4:28  SCV  
  43  4:32  Refinery  
  43  4:37  SCV  
  44  4:40  SCV  
  44  4:41  Stimpack  
  44  4:44  Marine  
  46  4:46  Marine x3  
  46  4:52  SCV  
  50  4:54  SCV  
  50  4:56  Combat Shield  
  51  5:02  Marine  
  51  5:04  SCV, Marine  
  54  5:12  Supply Depot  
  54  5:13  Supply Depot  
  54  5:20  Refinery  
  54  5:30  Marine  
  54  5:32  SCV, Marine  
  44  5:43  Marine x2  
  44  5:46  Medivac x2  
  44  5:47  Siege Tank  
  44  5:49  Marine  
  52  5:52  Marauder  
  55  6:01  Marine x2  
  57  6:07  Marine  
  58  6:13  Marine  
  59  6:19  Marine  
  59  6:22  Marine, Concussive Shells  
  59  6:25  Barracks, Marine  
  63  6:30  Marine  
  63  6:32  SCV  
  66  6:35  Armory  
  66  6:36  Marine  
  66  6:38  Siege Tank  
  68  6:40  Marine  
  68  6:43  Marine  
  70  6:49  Supply Depot x2  
  70  6:50  Supply Depot  
  70  7:10  SCV x2, Marine x2, Medivac x2  
  70  7:13  Barracks Reactor  
  78  7:16  Marine  
  78  7:17  Marine  
  80  7:23  SCV  
  80  7:25  SCV  
  80  7:29  Marauder x2  
  86  7:32  Terran Infantry Weapons Level 2  
  86  7:33  Marine  
  86  7:35  SCV, Marine  
  89  7:43  Medivac  
  91  7:46  Medivac  
  91  7:49  Marine  
  94  8:02  Command Center  
  94  8:39  Marine x2  
  94  8:40  Marine x2  
  94  8:41  Marine  
  94  8:42  Marauder  
  94  8:43  Siege Tank  
  85  8:57  Marine x3, Medivac x2  
  85  8:58  Marine  
  85  8:59  Marine  
  94  9:11  Supply Depot  
  94  9:12  Supply Depot x2  
  94  9:13  Orbital Command, Marine  
  94  9:15  Marine x4, Siege Tank  
  94  9:17  Marine  
  103  9:27  SCV, Medivac  
  103  9:28  SCV  
  107  9:31  Marauder  
  107  9:32  Marine  
  107  9:33  Marine x3  
  106  9:51  Marauder  
  111  9:53  Marauder  
Tags
 
Add a new tag
Caveats
  • Supply blocks, unpowered buildings, or Contaminate may cause inaccurate times.
  • Supply counts are checked every 10 seconds.